 Dungeon Crawl Stone Soup version 0.29.1-15-g9cfb28693d (console) character file.

Game seed: 7724446036222326806

58 erker the Vexing (level 4, 0/32 HPs)
             Began as a Formicid Arcane Marksman on Apr 15, 2023.
             Slain by Natasha (4 damage)
             ... on level 2 of the Dungeon.
             The game lasted 00:05:15 (2148 turns).

erker the Vexing (Formicid Arcane Marksman)         Turns: 2148, Time: 00:05:15

Health: 0/32       AC:  2    Str: 14    XL:     4   Next: 20%
Magic:  5/5        EV: 12    Int: 15    God:
Gold:   103        SH:  0    Dex: 14    Spells: 4/5 levels left

rFire   . . .      SeeInvis +   b - +0 quarterstaff
rCold   . . .      Faith    .   (no shield)
rNeg    . . .      Spirit   .   c - +0 robe
rPois   .          Reflect  .   (helmet unavailable)
rElec   .          Harm     .   (no cloak)
rCorr   .          Rampage  .   (no gloves)
Will    .....                   (no boots)
Stlth   +.........              (no amulet)
HPRegen 0.10/turn               (no ring)
MPRegen 0.09/turn               (no ring)

@: no status effects
A: permanent stasis, dig shafts and tunnels, antennae 3, four strong arms
a: Dig, Shaft Self


You were on level 2 of the Dungeon.
You visited 1 branch of the dungeon, and saw 3 of its levels.

You collected 103 gold pieces.

Inventory:

Hand Weapons
 a - a +1 sling
 b - a +0 quarterstaff (weapon)
Armour
 c - a +0 robe (worn)
Scrolls
 e - a scroll of teleportation {unknown}
 g - a scroll of poison
 i - a scroll of noise {unknown}
Potions
 d - a potion of resistance {unknown}
 f - a potion of cancellation {unknown}
 h - 2 potions of heal wounds {unknown}


   Skills:
 - Level 1.1 Fighting
 * Level 3.6 Ranged Weapons
 - Level 1.7 Dodging
 - Level 1.1 Spellcasting
 + Level 4.4 Hexes


You had 4 spell levels left.
You knew the following spells:

 Your Spells              Type           Power      Damage    Failure   Level
a - Slow                  Hex            56%        N/A       4%          1

Your spell library contained the following spells:

 Spells                   Type           Power      Damage    Failure   Level
 Confusing Touch          Hex            14%        N/A       12%         3
 Inner Flame              Hex/Fire       7%         N/A       30%         3
 Portal Projectile        Hex/Tloc       14%        N/A       30%         3
 Cause Fear               Hex            7%         N/A       36%         4
 Lesser Beckoning         Tloc           0%         N/A       58%         3
 Vampiric Draining        Necr           0%         2d6       58%         3
 Manifold Assault         Tloc           0%         N/A       100%        5
 Blink                    Tloc           Unusable   N/A       N/A         2

Dungeon Overview and Level Annotations

Branches:
Dungeon (3/15)

Altars:

Annotations:
D:2 1 exclusion, Natasha


Innate Abilities, Weirdness & Mutations

You cannot be hasted, slowed, berserked, paralysed or teleported.
You can dig through walls and to a lower floor.
You have a pair of large antennae on your head. (SInv)
Your four strong arms can wield two-handed weapons with a shield.


Message History

Unknown command.
Unknown command.
Unknown command.
Unknown command.
You start resting.
You sense a monster nearby.
You start resting.
Natasha, Servant of Life and Death comes into view.
Natasha hisses angrily.
You climb downwards.
There is a stone staircase leading up here.
You start resting.
An adder comes into view.
The adder moves out of view.
You start resting.
An adder is nearby!
A goblin comes into view. It is wielding a +0 club.
The goblin shouts!
a - a +1 sling (weapon)
You shoot a sling bullet. The sling bullet hits the goblin!
You kill the goblin!
You start resting.
A frilled lizard comes into view.
There is a stone staircase leading up here.
You start resting.
An adder is nearby!
b - a +0 quarterstaff (weapon)
The adder hisses angrily.
You climb upwards.
Level annotation: 1 exclusion, Natasha Natasha stares at you and mumbles some strange words.
The magic dart hits you!
There is a stone staircase leading down, spattered with blood here.
You are too injured to fight recklessly!
Natasha claws you!
* * * LOW HITPOINT WARNING * * *
You hit Natasha.
Natasha is moderately wounded.
Natasha claws you.
You die...

#.h.........# #.##.....##.#.#
#.....h........ #####.#..##.#.#
# ...#..##.#.# ..
######..##.#.####..#
.....................
#########..h........#
###.@>......# #.#.#######
######### #.#... #<###
........#####.##### #.. .
..............# #.#
..............# #.#
..............######## #.#
...................#.##+# #.#
..............####.#.##.###.###


You could see Natasha.

Vanquished Creatures
  Natasha (D:2)
  A gnoll (D:1)
  2 bats
  A giant cockroach (D:1)
  3 goblins
  6 hobgoblins
  3 kobolds (D:1)
  3 ball pythons (D:1)
  3 rats (D:1)
23 creatures vanquished.

Notes
Turn   | Place    | Note
-------+----------+-------------------------------------------
     0 | D:1      | erker the Formicid Arcane Marksman began the quest for the
                  | Orb.
     0 | D:1      | Reached XP level 1. HP: 15/15 MP: 2/2
   550 | D:1      | Reached XP level 2. HP: 11/21 MP: 3/3
   712 | D:1      | Reached skill level 4 in Hexes
   906 | D:1      | Reached XP level 3. HP: 26/26 MP: 4/4
  1927 | D:2      | Noticed Natasha
  1956 | D:2      | Killed Natasha
  1957 | D:2      | Reached XP level 4. HP: 5/32 MP: 5/5
  2055 | D:2      | Noticed Natasha
  2148 | D:2      | Slain by Natasha

Illustrated notes

Levels and vault maps discovered:
D:1:      psy_arrival_basics, layout_basic, serial_aquarium,
          aquarium_bridge_straight [aquarium_subvault_bridge,
          aquarium_subvault_balcony, aquarium_subvault_bridge,
          aquarium_subvault_wall], aquarium_bridge_square
          [aquarium_subvault_window, aquarium_subvault_bridge,
          aquarium_subvault_wall, aquarium_subvault_balcony], aquarium_window_2,
          aquarium_window_1, aquarium_window_corridor_3, aquarium_window_1,
          aquarium_view_2c, aquarium_balcony_5b, columned_hall_lemuel
D:2:      layout_basic, minmay_rat_hole, uniq_natasha
D:3:      layout_loops_ring, biasface_ghost_orc_armoury, st_stairs_7

Skill      XL: |  1  2  3 |
---------------+----------+-----
Hexes          | 4 |  4.4
Ranged Weapons | 3 |  3.6
Fighting       | |  1.1
Dodging        | |  1.7
Spellcasting   | |  1.1

Action                   |  1- 3 |  4- 6 || total
-------------------------+-------+-------++-------
Melee: Quarterstaff      |     3 |     1 ||     4
 Fire: Sling             |   101 |     1 ||   102
 Cast: Slow              |    15 |       ||    15
Armor: Robe              |     8 |       ||     8
Dodge: Dodged            |    21 |       ||    21
